 Dungeon Crawl Stone Soup version 0.25-a0-737-g26c3a87c45 (webtiles) character file.

Game seed: 17788211089749567357, levelgen mode: classic

219 Amnesiac the Chiller (level 5, -1/38 HPs)
             Began as a Ghoul Ice Elementalist on Apr 12, 2020.
             Was an Initiate of Ashenzari.
             Hit by a silver boomerang thrown by an orc (2 damage)
             ... on level 3 of the Dungeon.
             The game lasted 00:05:20 (2149 turns).

Amnesiac the Chiller (Ghoul Ice Elementalist)       Turns: 2149, Time: 00:05:21

Health: -1/38      AC:  3    Str:  9 (12) XL:     5   Next: 96%
Magic:  1/8        EV: 12    Int: 10 (11) God:    Ashenzari [......]
Gold:   117        SH:  0    Dex:  9      Spells: 5/9 levels left

rFire    . . .     SeeInvis .   q - -3 dagger (curse)
rCold    + . .     Gourm    .   (no shield)
rNeg     + + +     Faith    .   i - +0 robe
rPois    ∞         Spirit   .   (no helmet)
rElec    .         Reflect  .   r - +0 cloak
rCorr    .         Harm     .   (no gloves)
MR       .....                  (no boots)
Stlth    ++........             (no amulet)
HPRegen  0.00/turn              (no ring)
MPRegen  0.11/turn              (no ring)

@: brilliant, flying, very slightly contaminated, rotting, hasted, very quick
A: rotting body, claws 1, carnivore, cold resistance 1, negative energy
resistance 3, inhibited regeneration, torment resistance, unbreathing
a: Curse Item, Renounce Religion


You were on level 3 of the Dungeon.
You worshipped Ashenzari.
Ashenzari was noncommittal.
You were not hungry.

You visited 1 branch of the dungeon, and saw 3 of its levels.

You collected 117 gold pieces.

Inventory:

Hand Weapons
 a - a +0 hunting sling
 b - a +0 long sword
 m - a +2 short sword of draining
 q - a cursed -3 dagger (weapon)
 u - a +0 dagger of pain
Missiles
 e - 5 poisoned darts (quivered)
 j - 130 stones
 v - 23 sling bullets
Armour
 i - a +0 robe (worn)
 r - a +0 cloak (worn)
Scrolls
 d - 5 scrolls of identify {!r, unknown}
 f - 2 scrolls of teleportation {!r, unknown}
 k - a scroll of remove curse {!r}
 l - a scroll of enchant weapon {!r, unknown}
 o - a scroll of fear {!r, unknown}
Potions
 n - a potion of brilliance {!q}
Comestibles
 c - 9 rations
 g - 2 chunks of flesh


   Skills:
 - Level 2.6 Dodging
 + Level 3.9 Stealth
 + Level 2.9 Spellcasting
 * Level 5.7 Ice Magic


You had 5 spell levels left.
You knew the following spells:

 Your Spells              Type           Power        Failure   Level  Hunger
a - Freeze                Ice            ###.         2%          1    None
b - Frozen Ramparts       Ice            ###...       9%          3    None

Your spell library contained the following spells:

 Spells                   Type           Power        Failure   Level  Hunger
 Ozocubu's Armour         Chrm/Ice       ##......     26%         3    None
 Hailstorm                Conj/Ice       ##......     65%         4    None
 Summon Ice Beast         Ice/Summ       ##......     65%         4    None


Dungeon Overview and Level Annotations

Branches:
Dungeon (3/15)

Altars:
Ashenzari
Okawaru


Innate Abilities, Weirdness & Mutations

Your body is rotting away.
You thrive on raw meat.
You are immune to poison.
You have sharp fingernails.
You are carnivorous and can eat meat at any time.
Your flesh is cold resistant. (rC+)
You are immune to negative energy. (rN+++)
You do not regenerate when monsters are visible.
You are immune to unholy pain and torment.
You can survive without breathing.


Message History

Press: ? - help, Shift-Dir - straight line, f - orc priest
Aim: an orc priest, wielding a +0 club (moderately wounded)
You freeze the orc priest.
The orc priest is heavily wounded.
The orc priest mumbles some strange prayers to Beogh against you.
Beogh smites you!
* * * LOW HITPOINT WARNING * * *
The orc priest calls upon Beogh to heal the orc.
The orc's wounds heal themselves!
You hear a shout!
Casting: Freeze (safe; 2% risk of failure)
Confirm with . or Enter, or press ? or * to list all spells.
You don't have enough magic to cast that spell.
Casting: Freeze (safe; 2% risk of failure)
Confirm with . or Enter, or press ? or * to list all spells.
Aiming: Freeze (safe; 2% risk of failure)
Press: ? - help, Shift-Dir - straight line, f/p - orc priest
Aim: an orc priest, wielding a +0 club (heavily wounded)
You freeze the orc priest.
The orc priest is heavily wounded.
You hear a shout! x2
The orc priest hits you with a +0 club.
* * * LOW HITPOINT WARNING * * *
Unknown command.
Really quaff
n - 2 smoky purple potions {!q}?
It was a potion of brilliance {!q}.
You feel clever all of a sudden.
The orc priest calls down the wrath of Beogh upon you.
Beogh smites you!
* * * LOW HITPOINT WARNING * * *
You hear a shout!
Really quaff
h - a fizzy white potion {!q}?
It was a potion of flight {!q}.
You feel very buoyant.
You fly up into the air.
You hear an angry hiss.
The orc priest hits you with a +0 club.
* * * LOW HITPOINT WARNING * * *
Really quaff
p - a fuming puce potion {!q}?
It was a potion of lignification {!q}.
You feel woody for a moment. The orc priest barely misses you.
Really quaff
s - a fizzy yellow potion {!q}?
It was a potion of mutation {!q}.
You feel extremely strange.
Your body decomposes!
You feel dopey.
Your body decomposes!
You feel weakened.
Your body decomposes!
You feel weakened.
Your body decomposes!
You feel weakened. The orc priest closely misses you.
Really quaff
t - a fizzy sapphire potion {!q}?
It was a potion of haste {!q}.
You feel yourself speed up. The orc priest misses you.
Really read
w - a scroll labeled BOVOGA CARPH {!r}?
Blink to where?
Press: ? - help, Dir - move target cursor, p - orc priest You are very lightly contaminated with residual magic.
As you read the scroll labeled BOVOGA CARPH {!r}, it crumbles to dust.
It was a scroll of blinking {!r}.
An orc comes into view.
It is wielding a +0 hand axe and quivering 3 silver boomerangs.
The orc throws a silver boomerang.
The silver boomerang hits you.
You die...

### ###########..
#....§oo)o#o# ###
#.#######.#o###.##
#.#######.#o##...#
#........(S.......
#..##.###.#.##...#
#@.# #.#.##..##
#..# #.#.......
#.... ..#####.##
##.##o# #.# ##'##
.# # #.# ##...# ..
.. ##..... ##
##...... #.......
+.......


You could see an orc.

Vanquished Creatures
  An orc warrior (D:3)
  4 adders
  2 oozes
  A worm (D:2)
  3 dart slugs
  2 leopard geckos
  An orc (D:3)
  10 bats
  3 giant cockroaches
  3 hobgoblins
  10 jackals
  A ball python (D:2)
  3 frilled lizards
  13 goblins
  9 kobolds
  4 rats
70 creatures vanquished.

Notes
Turn   | Place    | Note
-------+----------+-------------------------------------------
     0 | D:1      | Amnesiac the Ghoul Ice Elementalist began the quest for the
                  | Orb.
     0 | D:1      | Reached XP level 1. HP: 14/14 MP: 2/2
   105 | D:1      | Reached XP level 2. HP: 20/20 MP: 1/3
   298 | D:2      | Reached XP level 3. HP: 23/26 MP: 1/5
   303 | D:2      | Learned a level 3 spell: Frozen Ramparts
   604 | D:2      | Found a shattered altar of Ashenzari.
   625 | D:2      | Reached XP level 4. HP: 32/32 MP: 4/6
   668 | D:2      | Became a worshipper of Ashenzari the Shackled
  1800 | D:3      | Reached skill level 5 in Ice Magic
  1857 | D:3      | Found an iron altar of Okawaru.
  2084 | D:3      | Reached XP level 5. HP: 31/38 MP: 5/7
  2122 | D:3      | Noticed an orc warrior
  2135 | D:3      | Killed an orc warrior
  2140 | D:3      | HP: 1/38 [orc priest/+0 club (1)]
  2149 | D:3      | Hit by a silver boomerang thrown by an orc

Levels and vault maps discovered:
D:1:      minmay_arrival_plants_in_alcoves, layout_basic,
          chequers_decorated_corner
D:2:      layout_rooms, nicolae_overflow_hidden_temple, ashenzari_altar_1,
          first_ration, kennysheep_generic_room_3
D:3:      layout_loops_corners, okawaru_ov_weapons_minmay,
          gammafunk_ghost_split, uniq_crazy_yiuf_cottage, uniq_sigmund

Skill      XL: |  1  2  3  4 |
---------------+-------------+-----
Dodging        | 2 |  2.6
Spellcasting   | 2 |  2.9
Stealth        | 3 |  3.9
Ice Magic      | 5 |  5.7

Action                   |  1- 3 |  4- 6 || total
-------------------------+-------+-------++-------
Melee: Unarmed           |    25 |       ||    25
       Dagger            |    31 |    26 ||    57
 Fire: Hunting sling     |    30 |     1 ||    31
 Cast: Freeze            |    32 |    46 ||    78
       Frozen Ramparts   |       |     1 ||     1
  Use: Potion            |       |     5 ||     5
       Scroll            |       |     1 ||     1
 Stab: Sleeping          |     1 |     4 ||     5
       Distracted        |       |     1 ||     1
  Eat: Chunk             |    12 |     6 ||    18
Armor: Robe              |    17 |    18 ||    35
Dodge: Dodged            |    62 |    61 ||   123

Table legend:
 A = Non-vault XP
 B = Vault XP
 C = Vault XP percentage of total XP
 D = Non-vault monster count
 E = Vault monster count
 F = Vault count percentage of total count
                 A         B        C        D         E       F
            +---------+---------+-------+---------+---------+-------
      Total |     313 |       1 |   0.3 |      69 |       1 |   1.4
            +---------+---------+-------+---------+---------+-------
        D:1 |      56 |       0 |   0.0 |      32 |       0 |   0.0
        D:2 |      78 |       1 |   1.3 |      24 |       1 |   4.0
        D:3 |     179 |       0 |   0.0 |      13 |       0 |   0.0
            +---------+---------+-------+---------+---------+-------
